 Dungeon Crawl Stone Soup version 0.20-a0-544-g2b9a704 (webtiles) character file.

5154 Elitist the Reanimator (level 10, 0/79 HPs)
             Began as a Demonspawn Necromancer on Jan 31, 2017.
             Was a Believer of Dithmenos.
             Slain by a troll (1 damage)
             ... on level 9 of the Dungeon.
             The game lasted 00:31:49 (7872 turns).

Elitist the Reanimator (Demonspawn Necromancer)     Turns: 7872, Time: 00:31:49

Health: 0/79       AC: 17    Str: 10    XL:     10   Next: 33%
Magic:  0/16       EV: 10    Int: 18    God:    Dithmenos [**....]
Gold:   407        SH:  0    Dex: 14    Spells: 1/17 levels left

rFire    . . .     SeeInvis .     - Unarmed
rCold    . . .     Gourm    .   u - +1 ring mail {rPois}
rNeg     . . .     Faith    .   (no shield)
rPois    +         Spirit   +   l - +2 helmet
rElec    .         Reflect  .   (no cloak)
rCorr    .         Harm     .   (gloves unavailable)
MR       .....                  G - +0 pair of boots
Stlth    +.........             e - amulet of regeneration
Regen    0.7/turn               (no ring)
                                (no ring)

@: sanguine armour, very slightly contaminated, hasted, wreathed by umbra, very
quick
A: claws 3, powered by death 2, magic shield, sanguine armour 1
a: Shadow Step, Renounce Religion


You were on level 9 of the Dungeon.
You worshipped Dithmenos.
Dithmenos was pleased with you.
You were not hungry.

You visited 2 branches of the dungeon, and saw 11 of its levels.

You collected 407 gold pieces.

Inventory:

Hand Weapons
 y - the +10 hand crossbow "Jumih" {freeze, rPois rC+ Str+5, unknown}
   (You found it on level 6 of the Dungeon)

   It causes projectiles fired from it to freeze those they strike, causing
   extra injury to most foes and up to half again as much damage against
   particularly susceptible opponents.
   They can also slow down cold-blooded creatures.
   It affects your strength (+5).
   It protects you from cold.
   It protects you from poison.
Missiles
 f - 2 javelins
 o - 2 poisoned tomahawks (quivered)
Armour
 l - a +2 helmet (worn)
 n - the +1 leather armour "Zuylia Sysu" {*Slow +Inv Str+4}
   (You found it on level 6 of the Dungeon)

   It affects your strength (+4).
   It lets you turn invisible.
   It may slow you when you take damage.
 u - a +1 ring mail of poison resistance (worn)
 D - a +1 ring mail of poison resistance
 G - a +0 pair of boots (worn)
Jewellery
 e - an amulet of regeneration (around neck)
 C - a cursed ring of loudness {unknown}
 F - a cursed -3 ring of dexterity {unknown}
Wands
 m - a wand of iceblast (6/15)
 z - a wand of lightning (0/15)
 H - a wand of paralysis (0/24)
 K - a wand of digging (14/24)
Scrolls
 a - 2 scrolls of amnesia
 d - 2 scrolls of recharging
 i - 2 scrolls of teleportation {unknown}
 j - 2 scrolls of remove curse
 s - a scroll of fog
 x - a scroll of enchant armour
 A - a scroll of magic mapping
 I - a scroll of identify
Potions
 g - a potion of cure mutation {unknown}
 k - a potion of haste
 p - a potion of lignification {unknown}
 q - a potion of heal wounds {unknown}
 t - 4 potions of brilliance
 w - a potion of cancellation {unknown}
 E - a potion of beneficial mutation {unknown}
 J - a potion of resistance {unknown}
Books
 b - a book of Necromancy

   Spells                             Type                      Level
   a - Pain                           Necromancy                   1
   b - Animate Skeleton               Necromancy                   1
   c - Vampiric Draining              Necromancy                   3
   d - Regeneration                   Charms/Necromancy            3
   e - Animate Dead                   Necromancy                   4
   f - Control Undead                 Necromancy                   4
 r - a book of Cantrips

   Spells                             Type                      Level
   a - Confusing Touch                Hexes                        1
   b - Animate Skeleton               Necromancy                   1
   c - Summon Small Mammal            Summoning                    1
   d - Apportation                    Translocation                1
Comestibles
 c - 6 bread rations
 B - a fruit


   Skills:
 + Level 7.2 Fighting
 + Level 4.3 Armour
 - Level 1.7 Dodging
 - Level 1.7 Stealth
 * Level 7.6 Unarmed Combat
 - Level 4.4 Spellcasting
 - Level 8.5 Necromancy
 + Level 6.4 Invocations


You had one spell level left.
You knew the following spells:

 Your Spells              Type           Power        Failure   Level  Hunger
a - Pain                  Necr           ####         1%          1    None
c - Control Undead        Necr           ####......   12%         4    ####...
d - Vampiric Draining     Necr           ####......   3%          3    ###....
r - Regeneration          Chrm/Necr      ###.......   21%         3    ###....
s - Animate Skeleton      Necr           N/A          1%          1    None
z - Animate Dead          Necr           N/A          12%         4    ####...


Dungeon Overview and Level Annotations

Branches:
Dungeon (10/15)            Temple (1/1) D:5
   Lair: D:8-11         Orc: D:9-12

Altars:
Ashenzari
Cheibriados
Dithmenos
Elyvilon
Fedhas
Gozag
Hepliaklqana
Kikubaaqudgha
Makhleb
Nemelex Xobeh
Okawaru
Qazlal
Sif Muna
Trog
Uskayaw
Vehumet
Xom
Yredelemnul
Zin
The Shining One

Annotations:
D:8 exclusion: 2 doors
D:9 Erolcha, Maurice


Innate Abilities, Weirdness & Mutations

You have claws for hands.
You regenerate health from kills.
When hurt, damage is shared between your health and your magic reserves.
When seriously injured, your bleeding wounds create armour. (AC +6)


Message History

The wolf closely misses you. The troll bites you but does no damage.
The troll claws you.
* * * LOW HITPOINT WARNING * * *
The troll misses you.
Unknown command.
You scratch the troll.
The troll is severely wounded.
The wolf stops to sniff the ground.
The wolf bites you but does no damage. The troll completely misses you.
The troll claws you but does no damage. The troll claws you!
* * * LOW HITPOINT WARNING * * *
The hound stops to sniff the ground.
The wolf bites you but does no damage.
Okay, then.
You feel yourself speed up. The wolf bites you.
* * * LOW HITPOINT WARNING * * *
The troll bites you!
* * * LOW HITPOINT WARNING * * *
The troll claws you but does no damage. The troll claws you.
You die...

+.........# .#
#.........# ###.#
.......<#.# ....
######'##.###.#
###.. #......#
###...###h####'##
....)..[.Z# #hh##
..(Z%.....# ##Th#
.Z≈≈..≈..##
###@###
;.≈≈≈.≈..#
#.....#
h.≈≈≈≈≈..#
#.....#
≈.h≈≈≈.....
+...>.#
≈.≈≈≈..≈..##
#.....#
≈.≈≈≈≈≈..##
#.....#
≈..≈≈≈≈..#
#.....#
≈.≈.≈≈≈≈.#
#.....# ####.##


You could see a troll, a wolf and 2 hounds.

Vanquished Creatures
  A two-headed ogre (D:8)
  Pikel (D:6)
  A centaur zombie (D:10)
  Psyche (D:8)
  Grinder (D:4)
  A hippogriff (D:8)
  Menkaure (D:4)
  A water moccasin (D:8)
  Duvessa (D:4)
  A phantom (D:8)
  2 ice beasts
  2 orc warriors
  A hornet zombie (D:7)
  2 ogres
  A sky beast (D:6)
  A wolf (D:9)
  A necrophage (D:8)
  A gnoll sergeant (D:8)
  2 bullfrogs (D:8)
  4 wights (D:6)
  4 killer bees (D:8)
  3 howler monkeys
  2 crimson imps
  2 bullfrog zombies (D:5)
  A quasit (D:5)
  An orc priest (D:8)
  5 hounds
  10 orc wizards
  A jelly (D:7)
  A bullfrog skeleton (D:6)
  A centaur skeleton (D:9)
  2 iguanas
  2 worker ants
  A hound skeleton (D:4)
  A worker ant zombie (D:5)
  9 gnolls
  3 adders
  A shadow imp (D:5)
  2 adder skeletons
  A worm (D:4)
  2 dart slugs
  3 leopard geckos
  25 orcs
  5 giant cockroaches
  6 goblins
  2 hobgoblins
  7 jackals
  9 kobolds
  3 quokkas
  A bat (D:2)
  A frilled lizard (D:2)
  7 rats
151 creatures vanquished.

Vanquished Creatures (collateral kills)
  An ice beast (D:8)
  An ogre (D:8)
  A big kobold (D:8)
  Dowan (D:4)
  An iguana (D:4)
  An orc wizard (D:8)
  A worker ant zombie (D:8)
  4 orcs
  A goblin (D:1)
  A bat (D:3)
  A kobold (D:8)
  A rat (D:2)
15 creatures vanquished.

Vanquished Creatures (others)
  A slave (D:6)
  An ogre (D:6)
  An orc (D:9)
3 creatures vanquished.

Grand Total: 169 creatures vanquished

Notes
Turn   | Place    | Note
-------+----------+-------------------------------------------
     0 | D:1      | Elitist the Demonspawn Necromancer began the quest for the Orb.
     0 | D:1      | Reached XP level 1. HP: 13/13 MP: 3/3
    15 | D:1      | Learned a level 1 spell: Animate Skeleton
   371 | D:1      | Gained mutation: You regenerate a little health from kills. [demonic ancestry]
   371 | D:1      | Reached XP level 2. HP: 18/19 MP: 1/5
  1024 | D:2      | Found a faded altar of an unknown god.
  1232 | D:2      | Found a bloodstained altar of Trog.
  1410 | D:2      | Reached skill level 5 in Necromancy
  1608 | D:2      | Gained mutation: You have sharp fingernails. [demonic ancestry]
  1608 | D:2      | Reached XP level 3. HP: 23/24 MP: 6/6
  2015 | D:3      | Learned a level 3 spell: Vampiric Draining
  2166 | D:3      | Reached skill level 1 in Fighting
  2166 | D:3      | Gained mutation: You have very sharp fingernails. [demonic ancestry]
  2166 | D:3      | Reached XP level 4. HP: 29/32 MP: 1/8
  2227 | D:3      | Found a deep blue altar of Sif Muna.
  2653 | D:4      | Noticed Duvessa
  2653 | D:4      | Noticed Dowan
  2738 | D:4      | Killed Duvessa
  2738 | D:4      | Gained mutation: When hurt, damage is shared between your health and your magic reserves. [demonic ancestry]
  2738 | D:4      | Reached XP level 5. HP: 34/39 MP: 2/10
  2750 | D:4      | Killed Dowan
  2750 | D:4      | Reached skill level 6 in Necromancy
  2860 | D:4      | Learned a level 4 spell: Animate Dead
  2956 | D:4      | Found a shimmering altar of Xom.
  2957 | D:4      | Found an opulent altar of Gozag.
  2957 | D:4      | Found a sparkling altar of Nemelex Xobeh.
  2958 | D:4      | Found a white marble altar of Elyvilon.
  2961 | D:4      | Gained mutation: When seriously injured, your bleeding wounds create armour. (AC +6) [demonic ancestry]
  2961 | D:4      | Reached XP level 6. HP: 42/46 MP: 6/11
  3213 | D:4      | Noticed Grinder
  3364 | D:5      | Entered Level 5 of the Dungeon
  3429 | D:4      | Reached skill level 1 in Unarmed Combat
  3496 | D:4      | Paralysed by Grinder for 3 turns
  3511 | D:4      | Killed Grinder
  3511 | D:4      | Reached XP level 7. HP: 45/52 MP: 7/13
  3536 | D:4      | Learned a level 3 spell: Regeneration
  3580 | D:4      | Noticed Menkaure
  3597 | D:4      | Killed Menkaure
  3810 | D:4      | Reached skill level 7 in Necromancy
  3904 | D:5      | Found a staircase to the Ecumenical Temple.
  3933 | Temple   | Entered the Ecumenical Temple
  4017 | Temple   | Became a worshipper of Dithmenos the Shadowed
  4389 | D:6      | Reached XP level 8. HP: 59/61 MP: 11/14
  4394 | D:6      | Identified the +1 leather armour "Zuylia Sysu" {*Slow +Inv Str+4} (You found it on level 6 of the Dungeon)
  4561 | D:6      | Reached skill level 8 in Necromancy
  4651 | D:6      | Reached skill level 5 in Fighting
  4670 | D:6      | Reached * piety under Dithmenos
  4876 | D:6      | Found an iron altar of Okawaru.
  4927 | D:6      | Got a faintly glowing hand crossbow
  4990 | D:6      | Noticed Pikel
  5052 | D:6      | Killed Pikel
  5052 | D:6      | Reached skill level 1 in Armour
  5475 | D:7      | Gained mutation: You have claws for hands. [demonic ancestry]
  5475 | D:7      | Reached XP level 9. HP: 48/68 MP: 6/15
  5485 | D:7      | Found a radiant altar of Vehumet.
  5953 | D:7      | Reached skill level 5 in Unarmed Combat
  6193 | D:8      | Noticed a two-headed ogre
  6208 | D:8      | Killed a two-headed ogre
  6243 | D:8      | Found a snail-covered altar of Cheibriados.
  6264 | D:8      | Noticed Psyche
  6274 | D:8      | Killed Psyche
  6274 | D:8      | Reached skill level 5 in Invocations
  6513 | D:8      | Reached ** piety under Dithmenos
  6652 | D:8      | Gained mutation: You regenerate health from kills. [demonic ancestry]
  6652 | D:8      | Reached XP level 10. HP: 77/77 MP: 10/16
  7334 | D:9      | Noticed Maurice
  7334 | D:9      | Noticed Erolcha
  7511 | D:9      | You fall through a shaft!
  7511 | D:10     | Entered Level 10 of the Dungeon
  7816 | D:9      | Learned a level 4 spell: Control Undead
  7872 | D:9      | HP: 1/79 [troll (8)]
  7872 | D:9      | Slain by a troll

Vault maps used:
D:1:      minmay_arrival_checkered_box
D:2:      overflow_temple_1_default, chequers_ecumenical_altar_island,
          first_bread
D:3:      tgw_sif, serial_bayou_pond_c, minmay_misc_feat_plants,
          minmay_misc_feat_nine_boxes, item_on_display_a
D:4:      chequers_temple_overflow_statue_of_worship, uniq_grinder,
          uniq_duvessa, uniq_menkaure
D:5:      minmay_temple_entry_overgrown
D:6:      kennysheep_okawaru_gauntlet, uniq_pikel
D:7:      kennysheep_little_box
D:8:      cheibrodos_two_vegetables, cheibriados_altar_1, uniq_psyche
D:9:      nicolae_overflow_crystal_walls, erik_lair_island, basic_altar,
          grunt_livestock, uniq_maurice, uniq_erolcha, uniq_prince_ribbit1
D:10:     orc_0_dummy, serial_shops, shop_fountains, uniq_snorg
Temple:   jpeg_temple_clearing

Skill      XL: |  1  2  3  4  5  6  7  8  9 10 |
---------------+-------------------------------+-----
Necromancy     | 5 6 7 8 |  8.5
Fighting       | 1 2 3 4 5 6 7 |  7.2
Spellcasting   | 3 4 |  4.4
Unarmed Combat | 1 2 4 6 7 |  7.6
Armour         | 1 3 4 |  4.3
Invocations    | 3 5 6 |  6.4
Dodging        | |  1.7
Stealth        | |  1.7

Action                   |  1- 3 |  4- 6 |  7- 9 | 10-12 || total
-------------------------+-------+-------+-------+-------++-------
Melee: Dagger            |    35 |    16 |       |       ||    51
       Unarmed           |     7 |       |   443 |   146 ||   596
       Short sword       |     3 |       |       |       ||     3
       Mace              |       |    29 |     9 |       ||    38
       Punch             |       |       |     5 |     5 ||    10
Throw: Tomahawk          |       |     3 |     5 |     7 ||    15
 Cast: Pain              |    47 |    48 |     5 |       ||   100
       Animate Skeleton  |     7 |     6 |    17 |     7 ||    37
       Animate Dead      |       |     3 |     5 |     4 ||    12
       Vampiric Draining |       |       |    11 |     1 ||    12
       Control Undead    |       |       |       |     3 ||     3
Evoke: Wand              |       |       |     2 |     3 ||     5
  Use: Scroll            |     1 |     8 |    10 |       ||    19
       Potion            |       |     3 |     2 |     3 ||     8
 Stab: Sleeping          |       |       |     2 |       ||     2
       Distracted        |       |       |       |     2 ||     2
  Eat: Chunk             |     4 |     4 |     5 |     2 ||    15
       Meat ration       |       |       |     2 |       ||     2
       Royal jelly       |       |       |       |     2 ||     2
Armor: Robe              |    18 |    41 |     1 |       ||    60
       Ring mail         |       |       |   192 |   129 ||   321
Dodge: Dodged            |    34 |    74 |   201 |   125 ||   434
